[Event "Late-Titled-Tuesday-Blitz-September-19-2023"]
[Site "Chess.com"]
[Date "2023.09.19"]
[Round "6"]
[White "jk13"]
[Black "angryspacevoid"]
[Result "0-1"]
[WhiteElo "2628"]
[BlackElo "2515"]
[TimeControl "180+1"]
[EndTime "15:04:24 PDT"]
[Termination "angryspacevoid won on time"]

1. e4 e5 2. Nf3 Nc6 3. Bc4 Bc5 4. c3 Nf6 5. d3 O-O 6. O-O d5 7. exd5 Nxd5 8. Re1 Be6 9. Nbd2 Re8 10. Ne4 Bb6 11.
h3 f6 12. a4 Qd7 13. b4 a6 14. Qb3 Rad8 15. Bd2 Kh8 16. Rad1 Rf8 17. Qb1 Bxh3 18. Nh2 Bf5 19. Qc2 Ba7 20. Bc1 Qf7 21. Ng3 Be6 22.
Nf3 Qg6 23. Kf1 Ne3+ 24. Bxe3 Bxc4 25. Ne4 Qxe4 26. Bxa7 Rxd3 27. Kg1 Qg6 28. Bc5 Rfd8 29. Rxd3 Rxd3 30. Nd2 Be6 31. Ne4 Bf5 0-1

[Event "Late-Titled-Tuesday-Blitz-September-19-2023"]
[Site "Chess.com"]
[Date "2023.09.19"]
[Round "6"]
[White "gabduschew"]
[Black "Dewarfd"]
[Result "1-0"]
[WhiteElo "2360"]
[BlackElo "2196"]
[TimeControl "180+1"]
[EndTime "15:04:26 PDT"]
[Termination "gabduschew won by resignation"]

1. g3 d5 2. Bg2 e6 3. d3 c5 4. c4 Nf6 5. Bg5 Be7 6. Nc3 d4 7.
Bxf6 Bxf6 8. Ne4 O-O 9. Nf3 Nc6 10. Nxf6+ Qxf6 11. O-O a5 12. Nd2 Qe7 13. Bxc6 bxc6 14. Qa4 Bd7 15. Qa3 a4 16. b3 axb3 17. Qxb3 Rfb8 18. Qc2 f5 19. a4 e5 20. Rfb1 f4 21. Rxb8+ Rxb8 22. Rb1 Ra8 23. Rb7 Qe8 24. Ne4 Ra5 25.
Qb3 h6 26. Rb8 Bc8 27. Nd6 Qd7 28. Nxc8 Kh7 29. Kg2 Qg4 30. f3 Qg5 31. Nd6 fxg3 32. hxg3 Qe3 33. Ne4 Qxe2+ 34. Nf2 Ra7 35. Qb6 Rf7 36.
Qxc6 h5 37. Qe4+ Qxe4 38. Nxe4 Ra7 39. Nxc5 Ra5 40. Rb5 Ra7 41. a5 g5 42. a6 g4 43. Rb7+ 1-0

[Event "Late-Titled-Tuesday-Blitz-September-19-2023"]
[Site "Chess.com"]
[Date "2023.09.19"]
[Round "6"]
[White "expii"]
[Black "Road2GM3000"]
[Result "0-1"]
[WhiteElo "2268"]
[BlackElo "2482"]
[TimeControl "180+1"]
[EndTime "15:04:28 PDT"]
[Termination "Road2GM3000 won by resignation"]

1. e4 c5 2. Nf3 d6 3. d4 cxd4 4. Nxd4 Nf6 5. Nc3 a6 6. g3 e6 7. Bg2 Be7 8. O-O O-O 9. h3 Nbd7 10. Be3 Qc7 11. f4 Rb8 12. a4 b6 13. g4 Bb7 14.
g5 Ne8 15. Nde2 Nc5 16. Ng3 Rd8 17. f5 e5 18. h4 Nd7 19. h5 d5 20. Nxd5 Bxd5 21. exd5 Bc5 22. Bxc5 Qxc5+ 23. Kh2 f6 24. g6 h6 25. Ne4 Qb4 26. b3 Nc5 27. Nxc5 bxc5 28.
c4 Nd6 29. Rb1 Rb8 30. Qe1 a5 31. Bf3 Qxe1 32. Rfxe1 Nxf5 33. Bg4 Nd4 34. Re3 Rfd8 35. Bf3 Rd6 36. Bg4 Rb4 37. Bd1 Kf8 38. Rc1 Rdb6 39.
Rcc3 Ke7 40. Rcd3 Kd6 41. Kg2 Rb8 42. Kf2 Rf8 43. Rg3 f5 44. Rc3 f4 45. Rh3 e4 46.
Bg4 e3+ 47. Ke1 Rxb3 0-1

[Event "Late-Titled-Tuesday-Blitz-September-19-2023"]
[Site "Chess.com"]
[Date "2023.09.19"]
[Round "6"]
[White "Joshukid"]
[Black "Parhamov"]
[Result "0-1"]
[WhiteElo "2565"]
[BlackElo "3019"]
[TimeControl "180+1"]
[EndTime "15:04:32 PDT"]
[Termination "Parhamov won on time"]

1. Nf3 a6 2. g3 b5 3. Bg2 Bb7 4.
O-O Nf6 5. b3 c5 6. Bb2 d6 7. d4 Nbd7 8. Nbd2 cxd4 9. Bxd4 e5 10.
Bb2 Be7 11. c4 O-O 12. Rc1 Qb6 13.
Qc2 Rac8 14. Qb1 Rfe8 15. e3 Bf8 16. Rfd1 b4 17. Ne1 Bxg2 18. Nxg2 Nc5 19. Nh4 g6 20. Nhf3 a5 21. Ng5 Qc6 22. f3 Bh6 23. h4 Nh5 24. Kf2 f5 25. Nh3 e4 26. f4 Nd3+ 27. Kg2 Bg7 28. Bxg7 Nxg7 29. Rc2 Ne6 30. Nf1 d5 31. Kh2 d4 32. Nf2 Nxf2 33. Rxf2 d3 34. Nd2 Ng7 35. Rg1 h5 36. Qb2 Ra8 37. a4 bxa3 38.
Qxa3 Reb8 39. Rb1 Ne8 40. Nf1 a4 41. b4 Qxc4 42. Rfb2 Rb5 43. Nd2 Qe6 44. Rc1 Nf6 45. Kg2 Nd5 46. Nf1 Qb6 47. Rc5 Rb8 48. Rxd5 Rxd5 49.
Qxa4 d2 50. Rxd2 Rxd2+ 51. Nxd2 Qxe3 52. Qa2+ Kh8 53. Qb2+ Kh7 54. Qa2 Rb7 55. b5 Rd7 0-1

[Event "Late-Titled-Tuesday-Blitz-September-19-2023"]
[Site "Chess.com"]
[Date "2023.09.19"]
[Round "6"]
[White "UGgm_Manuel"]
[Black "WindWhistler11"]
[Result "0-1"]
[WhiteElo "2310"]
[BlackElo "2483"]
[TimeControl "180+1"]
[EndTime "15:04:34 PDT"]
[Termination "WindWhistler11 won by resignation"]

1. e4 e6 2. d4 d5 3. exd5 exd5 4. Nc3 Nc6 5. Nf3 Bg4 6. Be2 Bd6 7. O-O Nge7 8. Bg5 f6 9. Bh4 g5 10. Bg3 h5 11. h3 Bf5 12. Re1 Bxg3 13. fxg3 Qd6 14.
Bb5 O-O-O 15. Ne2 g4 16. hxg4 Bxg4 17. Nh4 Bxe2 18. Qxe2 Qxg3 19. Qf2 Qxf2+ 20. Kxf2 Nxd4 21. Rxe7 Nxb5 22. Rae1 Nd6 23. Ng6 Rhg8 24. Nf4 Ne4+ 25. Kg1 Ng5 26. Kf1 h4 27. Rd1 c6 28. Rd3 Rde8 29. Rde3 Ne4 30. Rxe8+ Rxe8 31. Rh3 Ng3+ 32. Kf2 Nf5 33. Ng6 Re4 34. Kf3 Kc7 35. Nf4 Kd6 36.
Kg4 Ne3+ 37. Kf3 Nxc2 38. Rxh4 Nd4+ 39. Kg3 Nf5+ 0-1

[Event "Late-Titled-Tuesday-Blitz-September-19-2023"]
[Site "Chess.com"]
[Date "2023.09.19"]
[Round "6"]
[White "szefru"]
[Black "Levanzovsky"]
[Result "1-0"]
[WhiteElo "2319"]
[BlackElo "2455"]
[TimeControl "180+1"]
[EndTime "15:04:35 PDT"]
[Termination "szefru won by checkmate"]

1. e4 e5 2. Nf3 Nc6 3. Bb5 a6 4. Ba4 Nf6 5. O-O Nxe4 6. Qe2 Nc5 7. Bxc6 dxc6 8. Nxe5 Be7 9. d3 O-O 10. Nc3 Ne6 11.
f4 Nd4 12. Qd1 Bc5 13. Kh1 f6 14. Ne4 Bb6 15. Nc4 Bf5 16. Nxb6 cxb6 17. c3 Ne6 18. Qb3 Kh8 19. Rd1 Qc7 20. Be3 c5 21. Ng3 Bg4 22.
Rf1 Rad8 23. f5 Rxd3 24. Qc4 Rxe3 25. Qxg4 Ng5 26. Nh5 Re4 27. Rf4 Rfe8 28. h4 Rxf4 29. Nxf4 Ne4 30. Kg1 Qf7 31. Ne6 Nd6 32. Nf4 Re5 33. Rd1 Qe7 34. Ne6 h6 35. Rxd6 Re1+ 36. Kf2 Re5 37. Rd8+ Kh7 38. Qg6# 1-0

[Event "Late-Titled-Tuesday-Blitz-September-19-2023"]
[Site "Chess.com"]
[Date "2023.09.19"]
[Round "6"]
[White "GoldenShare"]
[Black "Emp3rador"]
[Result "1-0"]
[WhiteElo "2600"]
[BlackElo "2487"]
[TimeControl "180+1"]
[EndTime "15:04:36 PDT"]
[Termination "GoldenShare won by resignation"]

1. e4 e6 2. d4 d5 3. Nd2 dxe4 4. Nxe4 Nd7 5. Nf3 Ngf6 6. Nxf6+ Nxf6 7. c3 Be7 8. Bd3 O-O 9. O-O b6 10. Qe2 Bb7 11.
Bg5 Bxf3 12. Qxf3 Qd5 13. Qxd5 Nxd5 14. Bxe7 Nxe7 15. Rfe1 Rad8 16. Rad1 Rd6 17. Bc2 Rfd8 18. f3 g6 19. Kf2 Kg7 20. g4 g5 21. Kg3 Ng6 22.
Bxg6 hxg6 23. Re5 c5 24. Re4 f5 25. Re5 cxd4 26. cxd4 Rxd4 27. Rxd4 Rxd4 28. Rxe6 Rd2 29. Re7+ Kf6 30. Rxa7 f4+ 31. Kh3 Rxb2 32. Rb7 Ke5 33. a4 Rb4 34. Kg2 Rb2+ 35. Kh3 Rb4 36. Rg7 Kd4 37.
Rxg6 Ke3 38. Rxg5 Rxa4 39. Rb5 Kxf3 40. Rxb6 Ra8 41. g5 Rg8 42. Kh4 Kg2 43. Rb2+ Kf3 44.
Kh5 Ke4 45. Kh6 f3 46. g6 Kf5 47. g7 Kf6 48. Rf2 Ke6 49. Rxf3 1-0

[Event "Late-Titled-Tuesday-Blitz-September-19-2023"]
[Site "Chess.com"]
[Date "2023.09.19"]
[Round "6"]
[White "hellokostya"]
[Black "Defend1r"]
[Result "1-0"]
[WhiteElo "2611"]
[BlackElo "2506"]
[TimeControl "180+1"]
[EndTime "15:04:37 PDT"]
[Termination "hellokostya won on time"]

1. Nf3 Nf6 2. c4 e6 3. g3 d5 4.
Bg2 dxc4 5. O-O Nbd7 6. Qa4 a6 7.
Qxc4 b5 8. Qc2 Bb7 9. d3 c5 10. a4 Bd6 11. Nc3 b4 12. Nd1 a5 13. Ne3 O-O 14.
Nc4 Bc7 15. b3 Nb6 16. Bb2 Nxc4 17. dxc4 Qe7 18. Rad1 Rfd8 19. Ne5 Bxg2 20. Kxg2 Ra6 21. f3 h6 22. Rd3 Rxd3 23. Nxd3 Nd7 24. Rd1 e5 25. Nf2 Nf6 26. Ne4 Ne8 27. Qd3 f5 28.
Qd5+ Kf8 29. Nf2 Rd6 30. Qxc5 Bb6 31. Qxe5 Bxf2 32. Rxd6 Qxd6 33. Qxd6+ Nxd6 34. Kxf2 g5 35. Bd4 Nb7 36. e4 fxe4 37. fxe4 Ke7 38. g4 Kf7 39. Ke3 Ke6 40. Bh8 Nc5 41. Bg7 Nxb3 42. Bxh6 Kf6 43. Bf8 1-0

[Event "Late-Titled-Tuesday-Blitz-September-19-2023"]
[Site "Chess.com"]
[Date "2023.09.19"]
[Round "6"]
[White "SEBAZZANO"]
[Black "Hoshka"]
[Result "0-1"]
[WhiteElo "2189"]
[BlackElo "2057"]
[TimeControl "180+1"]
[EndTime "15:04:37 PDT"]
[Termination "Hoshka won on time"]

1. d4 d5 2. Bf4 c5 3. e4 dxe4 4. d5 Nf6 5. Nc3 Bg4 6. Be2 Bxe2 7.
Qxe2 Nbd7 8. O-O-O Qa5 9. f3 g6 10. fxe4 Bg7 11. Nf3 O-O 12. e5 Ne8 13. e6 Nb6 14.
Bd2 f5 15. Ne5 Bxe5 16. Qxe5 Nc4 17. Qf4 Nxd2 18. Rxd2 Nd6 19. h4 Qb4 20. Qg5 Qg4 21. Qxg4 fxg4 22. Re2 Rf5 23. b3 b5 24. Rd1 a5 25.
Ne4 Re5 26. Ng3 Rxe2 27. Nxe2 Rf8 28. g3 Rf5 29. c3 Re5 30. Nf4 Re3 31. Kd2 Rxg3 32. a4 Rf3 33. Nd3 bxa4 0-1

[Event "Late-Titled-Tuesday-Blitz-September-19-2023"]
[Site "Chess.com"]
[Date "2023.09.19"]
[Round "6"]
[White "AlexOstrovskiy"]
[Black "Deeper44"]
[Result "0-1"]
[WhiteElo "2640"]
[BlackElo "2535"]
[TimeControl "180+1"]
[EndTime "15:04:38 PDT"]
[Termination "Deeper44 won on time"]

1. d4 Nf6 2. Bg5 e6 3. Nd2 d5 4. e3 h6 5. Bh4 Bd6 6. Bd3 Nbd7 7. Ngf3 Qe7 8. e4 dxe4 9. Nxe4 g5 10. Nxd6+ Qxd6 11. Bg3 Qb4+ 12. Qd2 Qxd2+ 13. Kxd2 c5 14. Rhe1 cxd4 15. Nxd4 O-O 16. Rad1 Nc5 17. Kc1 Nxd3+ 18. Rxd3 Rd8 19. Be5 Ng4 20. Bc7 Rd7 21. Bg3 b6 22. f3 Nf6 23. h4 Ba6 24. Rd2 Rad8 25. c3 Nh5 26. Bh2 gxh4 27. Re4 Ng3 28. Bxg3 hxg3 29.
Rg4+ Kf8 30. Rxg3 e5 31. Nb3 Rxd2 32. Nxd2 Bd3 33. Rh3 Kg7 34. g4 f5 35. gxf5 Bxf5 36. Rg3+ Kf6 37. Nc4 Rd3 38. Nd2 e4 39. Rg8 e3 40. Ne4+ Bxe4 41. fxe4 Ke5 0-1

[Event "Late-Titled-Tuesday-Blitz-September-19-2023"]
[Site "Chess.com"]
[Date "2023.09.19"]
[Round "6"]
[White "santosalberto1987"]
[Black "Guzman70"]
[Result "1-0"]
[WhiteElo "2513"]
[BlackElo "2300"]
[TimeControl "180+1"]
[EndTime "15:04:38 PDT"]
[Termination "santosalberto1987 won on time"]

1. e4 e6 2. d4 d5 3. Nc3 Bb4 4. e5 c5 5. a3 Ba5 6. b4 cxd4 7. Nb5 Bc7 8. Nf3 Bd7 9. Nxc7+ Qxc7 10. Qxd4 Qxc2 11. Bd3 Qc7 12. Bb2 Ne7 13. Rc1 Nbc6 14. Qh4 Qb6 15. Qg4 g6 16. Qf4 Qd8 17. Ng5 Nf5 18.
g4 h6 19. Nxf7 Kxf7 20. gxf5 gxf5 21. Rg1 Rg8 22. Ke2 Qf8 23. Rxg8 Kxg8 24. Rg1+ Kh7 25. h4 Qf7 26. Ke1 Rg8 27. Rg3 Rxg3 28. fxg3 Kg7 29. Bc1 Qg6 30. Be2 Nd8 31. h5 Qg5 32. Qxg5+ hxg5 33. Bxg5 Nf7 34. Bf4 a6 35. Kf2 Bb5 36. Bd1 Nh6 37. Ke3 Ng4+ 38. Kd4 b6 39. a4 Be8 40.
a5 bxa5 41. bxa5 Nf2 42. Be2 Ne4 43. Bxa6 Bxh5 44. Bb7 Be2 45. a6 Bxa6 46. Bxa6 Kg6 47. Bd3 Nf2 48. Be2 Kf7 49. Bf3 1-0

[Event "Late-Titled-Tuesday-Blitz-September-19-2023"]
[Site "Chess.com"]
[Date "2023.09.19"]
[Round "6"]
[White "Djager97"]
[Black "Goryachkina"]
[Result "0-1"]
[WhiteElo "2533"]
[BlackElo "2682"]
[TimeControl "180+1"]
[EndTime "15:04:39 PDT"]
[Termination "Goryachkina won on time"]

1. e4 c6 2. d4 d5 3. exd5 cxd5 4. Bd3 Nc6 5. c3 Nf6 6. h3 g6 7. Nf3 Bf5 8. Be2 Qc7 9. O-O Bg7 10. Be3 O-O 11. Nbd2 Rad8 12. Qc1 h6 13. Re1 g5 14. Nb3 Bg6 15. Bf1 Ne4 16. c4 Qd7 17. cxd5 Nb4 18.
Ne5 Bxe5 19. dxe5 Qxd5 20. Bc4 Qxe5 21. f3 Qg3 22. fxe4 Bxe4 23. Re2 Rc8 24. Nd2 Bxg2 25.
Qe1 Qxh3 26. Rxg2 Nc2 27. Qg3 Qxg3 28. Rxg3 Nxa1 29. b3 a6 30. Bd4 Nc2 31. Bb2 Nb4 32. a3 Nc6 33. Ne4 Rfd8 34. Rf3 e6 0-1

[Event "Late-Titled-Tuesday-Blitz-September-19-2023"]
[Site "Chess.com"]
[Date "2023.09.19"]
[Round "6"]
[White "HajiyevKanan"]
[Black "talaicito"]
[Result "1-0"]
[WhiteElo "2480"]
[BlackElo "2174"]
[TimeControl "180+1"]
[EndTime "15:04:39 PDT"]
[Termination "HajiyevKanan won on time"]

1. d4 e6 2. Nf3 f5 3. c4 Nf6 4. Nc3 Bb4 5. g3 O-O 6. Bg2 d6 7. Bd2 a5 8. O-O Nc6 9. a3 Bxc3 10. Bxc3 Ne4 11. Qc2 Nxc3 12. Qxc3 Qf6 13. Rac1 e5 14. d5 Ne7 15. e4 f4 16. c5 g5 17. Nd2 Bd7 18. Qb3 g4 19. Qxb7 f3 20. Bh1 Rab8 21. Qxc7 Bb5 22. cxd6 Ng6 23. Nc4 Rbc8 24. Qxa5 Bxc4 25.
Rfe1 Bd3 26. d7 Ra8 27. Qc7 Ba6 28. Rc6 Qd8 29. Qd6 Bb5 30. Qe6+ Kh8 31. Rd6 Ra6 32.
Rxa6 Bxa6 33. Qxa6 Qxd7 34. Rc1 Rb8 35. Qf6+ Kg8 36. b4 Rc8 37. Rxc8+ Qxc8 38. Qe6+ Qxe6 39. dxe6 Kf8 40. h3 h5 41. hxg4 hxg4 42. b5 Ne7 43. b6 Nc6 44. Kf1 Ke7 45. Ke1 Kxe6 46. Kd2 Kd6 47. Ke3 Na5 48. Bxf3 gxf3 49. Kxf3 Nc4 50.
b7 Kc7 51. a4 Kxb7 52. Kg4 Kb6 53. Kf5 Ka5 54. g4 1-0

[Event "Late-Titled-Tuesday-Blitz-September-19-2023"]
[Site "Chess.com"]
[Date "2023.09.19"]
[Round "6"]
[White "Leo_C"]
[Black "MBA_CHESS_2021"]
[Result "0-1"]
[WhiteElo "2616"]
[BlackElo "2184"]
[TimeControl "180+1"]
[EndTime "15:04:42 PDT"]
[Termination "MBA_CHESS_2021 won by resignation"]

1. d4 d5 2. Bf4 c6 3. e3 Bf5 4. Bd3 Bg6 5. Nf3 Nd7 6. O-O Ngf6 7.
c4 e6 8. Nc3 Be7 9. Ne5 Nh5 10.
Nxd7 Qxd7 11. Be5 Bxd3 12. Qxd3 f6 13. Bg3 Nxg3 14. hxg3 O-O 15. e4 f5 16. exd5 exd5 17. cxd5 cxd5 18. Rfe1 f4 19. gxf4 Rxf4 20. Re5 Bf6 21.
Rxd5 Qf7 22. Rf5 Rxf5 23. Qxf5 Bxd4 24. Qxf7+ Kxf7 25. Ne2 Bf6 26. Rc1 Re8 27. Kf1 Bxb2 28. Rb1 Rd8 29. Ke1 Ba3 30. Rxb7+ Kg8 31. Ng3 a5 32. Ne4 Re8 33. f3 Rc8 34. Kd2 Bb4+ 35.
Kd3 h6 36. Ng3 Rc3+ 37. Kd4 Rc2 38. Nf5 Rxg2 39. a4 Rg5 40. Ke4 Bd2 41. Rc7 Kh7 42.
Rd7 Bb4 43. f4 Rg1 44. Nd4 Re1+ 45. Kf5 Rd1 46. Ke4 Bc3 47. Rd5 Bxd4 48. Rxd4 Rxd4+ 49. Kxd4 h5 50. Ke4 Kg6 51. Kf3 Kf5 52. Kg3 g6 53. Kf3 h4 0-1

[Event "Late-Titled-Tuesday-Blitz-September-19-2023"]
[Site "Chess.com"]
[Date "2023.09.19"]
[Round "6"]
[White "bazar-wokzal"]
[Black "dretch"]
[Result "0-1"]
[WhiteElo "2649"]
[BlackElo "2851"]
[TimeControl "180+1"]
[EndTime "15:04:45 PDT"]
[Termination "dretch won on time"]

1. e4 e6 2. d4 d5 3. exd5 exd5 4. Nf3 Bd6 5. c4 c6 6. Bd3 Ne7 7. O-O dxc4 8. Bxc4 O-O 9. Nc3 Nd7 10. Bg5 Nb6 11. Bb3 Kh8 12. Re1 f6 13. Bh4 Bg4 14. h3 Bh5 15. g4 Bf7 16. Ne4 Bxb3 17. Qxb3 Ng6 18. Bg3 Bxg3 19. fxg3 f5 20. Neg5 fxg4 21.
hxg4 Qd5 22. Qxd5 Nxd5 23. Ne5 Rf6 24. Ne4 Nxe5 25. dxe5 Rg6 26. g5 Re8 27. Nd6 Re7 28.
e6 Rgxe6 29. Rxe6 Rxe6 30. Nxb7 Rg6 31. Re1 Kg8 32. Re8+ Kf7 33. Ra8 Rxg5 34. Kf2 Rf5+ 35. Kg1 Kg6 36. Nd6 Rf3 37. Kg2 Rd3 38. Rxa7 Ne3+ 39.
Kf3 Nc4+ 40. Ke4 Rxd6 41. b3 Nb6 42. Ke5 Rd2 43. a4 Nd7+ 44. Kf4 Nc5 45. b4 Rd4+ 46. Ke5 Rxb4 47. Rc7 Nxa4 48. Rxc6+ Kg5 49. Rc7 Kh6 50.
Kf5 g6+ 51. Kf6 Nb6 52. Rc1 Nd5+ 53. Ke5 Ne3 0-1

[Event "Late-Titled-Tuesday-Blitz-September-19-2023"]
[Site "Chess.com"]
[Date "2023.09.19"]
[Round "6"]
[White "PawnEatingZombie"]
[Black "nitpicker"]
[Result "1/2-1/2"]
[WhiteElo "2192"]
[BlackElo "2224"]
[TimeControl "180+1"]
[EndTime "15:04:45 PDT"]
[Termination "Game drawn by repetition"]

1. e4 c5 2. c3 g6 3. d4 cxd4 4.
cxd4 d5 5. e5 Nc6 6. Nc3 Bg7 7.
Bb5 f6 8. Bf4 Nh6 9. Qd2 Nf7 10.
exf6 Bxf6 11. Nf3 O-O 12. h3 Nd6 13. Ba4 Ne4 14. Qe3 Nxc3 15. bxc3 Bf5 16. O-O Na5 17. Ne5 Rc8 18. Rac1 Nc4 19. Nxc4 dxc4 20. Bc2 Bxc2 21. Rxc2 Qd5 22. Re1 b5 23. Bh6 Rfe8 24. Qe6+ Qxe6 25.
Rxe6 a5 26. Bf4 b4 27. cxb4 axb4 28. Rb6 b3 29. axb3 cxb3 30. Rxc8 Rxc8 31. Rxb3 Bxd4 32. Be3 Bf6 33. g3 Kf7 34. Kg2 Rc6 35. h4 Ra6 36.
Rd3 Re6 37. Rb3 Ra6 38. Rb7 h5 39. Rc7 Ra2 40. Rb7 Rc2 41. Kf3 Ra2 42. Rc7 Rb2 43.
Ra7 Rc2 44. Rb7 Ra2 45. Rc7 Rb2 46. Ra7 Rc2 47. Rb7 1/2-1/2

[Event "Late-Titled-Tuesday-Blitz-September-19-2023"]
[Site "Chess.com"]
[Date "2023.09.19"]
[Round "6"]
[White "Firouzja2003"]
[Black "vladislavkovalev"]
[Result "1-0"]
[WhiteElo "3073"]
[BlackElo "2886"]
[TimeControl "180+1"]
[EndTime "15:04:46 PDT"]
[Termination "Firouzja2003 won on time"]

1. d4 Nf6 2. c4 e6 3. Nf3 Bb4+ 4. Nbd2 O-O 5. a3 Be7 6. e4 d6 7. Be2 Nfd7 8. O-O e5 9. d5 a5 10. Nb1 Nc5 11. Nc3 a4 12. Be3 Nb3 13. Rb1 Bd7 14. Bd3 Na6 15. Bc2 Nac5 16. Ne1 Bg5 17. Bxc5 Nxc5 18. Nd3 Nxd3 19. Bxd3 Ra5 20. Bc2 Qa8 21. Qe2 Qa6 22. Bd3 Rc5 23. Kh1 g6 24. Rbd1 h5 25. Nb5 Qb6 26. g3 Bh6 27. Kg2 Kg7 28. Qe1 h4 29. f4 c6 30. Nxd6 exf4 31. dxc6 Bxc6 32.
gxf4 Qxb2+ 33. Kh1 h3 34. Qg3 Qxa3 35. Rg1 Rd8 36. Nxf7 g5 37. Nxd8 Rxc4 38. Ne6+ Kf6 39. Nxg5 1-0

[Event "Late-Titled-Tuesday-Blitz-September-19-2023"]
[Site "Chess.com"]
[Date "2023.09.19"]
[Round "6"]
[White "KamlaPasand"]
[Black "cassoulet"]
[Result "0-1"]
[WhiteElo "2458"]
[BlackElo "2766"]
[TimeControl "180+1"]
[EndTime "15:04:46 PDT"]
[Termination "cassoulet won by checkmate"]

1. e4 c5 2. Nf3 Nc6 3. d4 cxd4 4. Nxd4 Nf6 5. Nc3 e6 6. Nxc6 bxc6 7. e5 Nd5 8. Ne4 Bb7 9. c4 Nb4 10. a3 Qa5 11. Bd2 Qxe5 12. f3 f5 13. Bc3 Qf4 14.
Bd2 Qc7 15. axb4 fxe4 16. fxe4 Qe5 17. Bd3 c5 18. Bc3 Qg5 19. O-O cxb4 20. Bd4 Bc5 21. Bxc5 Qxc5+ 22. Kh1 Rf8 23. Qg4 Qe5 24. Rxf8+ Kxf8 25. Rf1+ Kg8 26. Qf3 h6 27. b3 Bc6 28. h3 a5 29.
Qf7+ Kh8 30. Qe7 Kh7 31. Rf2 a4 32. Qxb4 Rb8 33. Qe7 axb3 34. Qa3 Qd4 35. Rf3 b2 36. Qa2 Bxe4 37. Qb1 Bxd3 38. Rxd3 Qe4 39. c5 Kh8 40.
Kh2 Qxd3 41. Qxd3 b1=Q 42. Qxd7 Qb7 43. Qxe6 Qc7+ 44. g3 Qxc5 45. h4 Qc2+ 46. Kh3 Qc8 47. Qxc8+ Rxc8 48. Kg4 Rc5 49. h5 Kg8 50. Kh4 Kf7 51.
g4 Kf6 52. g5+ Rxg5 53. Kh3 Rxh5+ 54. Kg4 Re5 55. Kf4 g5+ 56. Kg4 Re4+ 57. Kh5 Rh4# 0-1

[Event "Late-Titled-Tuesday-Blitz-September-19-2023"]
[Site "Chess.com"]
[Date "2023.09.19"]
[Round "6"]
[White "Oleksandr_Bortnyk"]
[Black "oskariot"]
[Result "1-0"]
[WhiteElo "3006"]
[BlackElo "2727"]
[TimeControl "180+1"]
[EndTime "15:04:48 PDT"]
[Termination "Oleksandr_Bortnyk won on time"]

1. e4 c6 2. c4 g6 3. d4 Bg7 4.
Nc3 d6 5. g3 e5 6. Be3 Nf6 7. dxe5 Ng4 8. Qxd6 Nxe3 9. fxe3 Qe7 10. Nf3 Bg4 11. Be2 Bxf3 12. Bxf3 Bxe5 13. Qxe7+ Kxe7 14. Ne2 Nd7 15. O-O-O a5 16. Nd4 Nc5 17. Kc2 h5 18. Rd2 h4 19. g4 Rad8 20. h3 Rd6 21. Rhd1 Rhd8 22. Bg2 Ne6 23. Nf3 Rxd2+ 24. Rxd2 Rxd2+ 25. Nxd2 Bg3 26. a3 a4 27. b4 axb3+ 28. Nxb3 Kd6 29.
Nd4 Bf2 30. Kd3 Nc5+ 31. Ke2 Bg3 32. Nf3 Nxe4 33. Nxh4 Nc3+ 34. Kd3 Bxh4 35. Kxc3 g5 36. Kd4 Bf2 37. c5+ Ke6 38. Be4 Ke7 39. Bf5 Kd8 40. a4 Kc7 41. Bd3 f6 42. Ke4 Bg3 43. Kf5 Be5 44. h4 gxh4 45. g5 fxg5 46. Kxe5 h3 47. Kf5 b6 48. cxb6+ Kxb6 49. Kg4 h2 50. Be4 c5 51.
Kg3 Ka5 52. Kxh2 Kxa4 53. Kg3 Kb3 54. Kg4 1-0

[Event "Late-Titled-Tuesday-Blitz-September-19-2023"]
[Site "Chess.com"]
[Date "2023.09.19"]
[Round "6"]
[White "UK_23"]
[Black "Nikachu"]
[Result "1/2-1/2"]
[WhiteElo "2407"]
[BlackElo "2199"]
[TimeControl "180+1"]
[EndTime "15:04:48 PDT"]
[Termination "Game drawn - timeout vs insufficient material"]

1. e4 c5 2. Nf3 d6 3. d4 cxd4 4. Qxd4 Nc6 5. Qe3 Nf6 6. h3 g6 7. Be2 Bg7 8. O-O O-O 9. Rd1 Qc7 10. c4 a6 11. Nc3 Be6 12. Rb1 Rfc8 13. b3 Ne5 14.
Nxe5 dxe5 15. Bb2 Nd7 16. Rbc1 Nc5 17. Nd5 Bxd5 18. cxd5 Qa5 19. a3 Nd7 20. b4 Qd8 21. Bg4 Rxc1 22. Rxc1 Rc8 23. Rxc8 Qxc8 24. Qc3 Qxc3 25.
Bxc3 Nb6 26. Be2 f5 27. f3 Kf8 28. Kf1 e6 29. dxe6 Ke7 30. exf5 gxf5 31. f4 Kxe6 32. fxe5 Bxe5 33. Bxe5 Kxe5 34. Bf3 Nd5 35. Ke2 b6 36. Kd3 Nc7 37. Kc4 Kd6 38. a4 h6 39.
Bb7 b5+ 40. axb5 axb5+ 41. Kd4 Ne6+ 42. Ke3 Ke5 43. Bc8 Nd4 44. Kd3 Nc6 45. Bd7 Nxb4+ 46.
Ke2 Nd5 47. Kd3 Nf4+ 48. Ke3 Nxg2+ 49. Kf2 Nf4 50. Bxb5 Nxh3+ 51. Kg3 Ng5 52. Be2 Ne6 53. Kh4 1/2-1/2

[Event "Late-Titled-Tuesday-Blitz-September-19-2023"]
[Site "Chess.com"]
[Date "2023.09.19"]
[Round "6"]
[White "miraitrunks"]
[Black "Bilan_Danila"]
[Result "0-1"]
[WhiteElo "2141"]
[BlackElo "2567"]
[TimeControl "180+1"]
[EndTime "15:04:50 PDT"]
[Termination "Bilan_Danila won by checkmate"]

1. e4 c6 2. Nc3 d5 3. d4 b5 4. exd5 b4 5. Ne4 cxd5 6. Ng3 Nf6 7. Nf3 a5 8. Bd3 Ba6 9. O-O e6 10. Qe2 Bxd3 11. Qxd3 Nc6 12. Ne5 Nxe5 13. dxe5 Nd7 14. f4 Bc5+ 15. Be3 Qb6 16. Rae1 g6 17. Kh1 Rc8 18. Bxc5 Qxc5 19. Re2 Qc4 20. Qf3 Qxa2 21. f5 gxf5 22. Nxf5 exf5 23. e6 fxe6 24. Rxe6+ Kd8 25. Qxf5 Rf8 26. Qg5+ Kc7 27. Rfe1 Qc4 28. Qg3+ Qf4 29. Qd3 Rce8 30. g3 Rxe6 31. gxf4 Rxe1+ 32. Kg2 Rxf4 33. Qxd5 Re5 34. Qa8 Rfe4 35. Qa7+ Kd6 36. Qa6+ Ke7 37. Qh6 Nf6 38. Qg7+ Ke6 39. Qc7 Rg5+ 40. Kf2 Rf5+ 41.
Kg3 Rg4+ 42. Kh3 Rh5# 0-1

[Event "Late-Titled-Tuesday-Blitz-September-19-2023"]
[Site "Chess.com"]
[Date "2023.09.19"]
[Round "6"]
[White "TEREZANA"]
[Black "Nekoo04"]
[Result "0-1"]
[WhiteElo "2475"]
[BlackElo "2348"]
[TimeControl "180+1"]
[EndTime "15:04:52 PDT"]
[Termination "Nekoo04 won by resignation"]

1. d4 d5 2. Nf3 Nf6 3. Bg5 Bf5 4. e3 e6 5. Bd3 Bxd3 6. Qxd3 Nbd7 7. O-O Be7 8. c4 O-O 9. Nc3 c6 10. Bf4 Rc8 11.
Rfd1 dxc4 12. Qxc4 c5 13. d5 Nb6 14. Qe2 exd5 15. e4 d4 16. e5 Nfd5 17. Nxd5 Nxd5 18. Bg3 Re8 19. Qe4 Bf8 20. Bh4 Qd7 21. Ng5 f5 22. e6 Qc6 23. Qxf5 Nf6 24. Re1 Qd5 25. Qxd5 Nxd5 26. Nf7 Nc7 27. Ng5 h6 28. Nf3 Nxe6 29. Ne5 Nf4 30. Bg3 Nd5 31. Nc4 Nb4 32. a3 Nc2 33. Rxe8 Rxe8 34. Rc1 Re1+ 35. Rxe1 Nxe1 36.
Na5 b6 37. Nc6 Nd3 38. Nxa7 Nxb2 39. Kf1 d3 40. Ke1 c4 41. Be5 Bxa3 42. Nb5 Bb4+ 43.
Kf1 d2 44. g3 d1=Q+ 45. Kg2 Qd5+ 0-1

[Event "Late-Titled-Tuesday-Blitz-September-19-2023"]
[Site "Chess.com"]
[Date "2023.09.19"]
[Round "6"]
[White "fyall777"]
[Black "Hasangatin_Ramil"]
[Result "0-1"]
[WhiteElo "2556"]
[BlackElo "2714"]
[TimeControl "180+1"]
[EndTime "15:04:56 PDT"]
[Termination "Hasangatin_Ramil won on time"]

1. d4 d6 2. c4 e5 3. dxe5 dxe5 4. Qxd8+ Kxd8 5. Nc3 Be6 6. b3 Nd7 7. Bb2 c6 8. O-O-O Kc7 9. g3 f6 10. Bh3 Bxh3 11. Nxh3 Nh6 12. Rhg1 Nf7 13. g4 h5 14. g5 f5 15. f4 g6 16. e4 Bc5 17.
Rge1 exf4 18. exf5 Be3+ 19. Rxe3 fxe3 20. fxg6 Nfe5 21.
Nf4 Rag8 22. g7 Rh7 23. Ne6+ Kc8 24. Ne4 e2 25. Re1 Nd3+ 26. Kd2 Nxb2 27. Rxe2 Rhxg7 28.
Nxg7 Rxg7 29. Kc2 Nxc4 30. bxc4 Kc7 31. h4 Re7 32. Kd1 Ne5 33. Nf6 Ng6 34. Rxe7+ Nxe7 35. Nxh5 Ng6 36. c5 Kd8 37. Ke2 Ke7 38. Ke3 Nxh4 39. Nf4 Nf5+ 40. Ke4 Ng7 41. Ke5 b6 42. cxb6 axb6 43.
a4 Ne8 44. g6 Ng7 45. Nd3 Ne6 46.
Nb4 Nd8 47. g7 Kf7 48. Kd6 c5 49. Nd5 c4 0-1